 Dungeon Crawl Stone Soup version 0.20.1-1-g8b1a95d (webtiles) character file.

155 letownia2 the Grave Robber (level 5, 9/44 HPs)
             Began as a Deep Dwarf Necromancer on Nov 6, 2017.
             Quit the game on level 5 of the Dungeon.
             The game lasted 00:05:44 (1773 turns).

letownia2 the Grave Robber (Deep Dwarf Necromancer) Turns: 1773, Time: 00:05:45

Health: 9/44       AC:  4    Str: 12    XL:     5   Next: 14%
Magic:  8/8        EV: 12    Int: 16    God:
Gold:   150        SH:  0    Dex: 13    Spells: 5/9 levels left

rFire    . . .     SeeInvis .   a - +0 dagger
rCold    . . .     Gourm    .   (no shield)
rNeg     . . .     Faith    .   i - +0 leather armour
rPois    .         Spirit   .   (no helmet)
rElec    .         Reflect  .   (no cloak)
rCorr    .         Harm     .   e - +0 pair of gloves
MR       .....                  (no boots)
Stlth    ++........             s - amulet of magic regeneration
Regen    0.0/turn               (no ring)
MPRegen  0.2/turn               (no ring)

@: non-regenerating
A: damage resistance, heal wounds, sense surroundings 1, no regeneration
a: Heal Wounds


You were on level 5 of the Dungeon.
You were not hungry.

You visited 1 branch of the dungeon, and saw 5 of its levels.

You collected 150 gold pieces.

Inventory:

Hand Weapons
 a - a +0 dagger (weapon)
Missiles
 m - 10 poisoned needles
Armour
 e - a +0 pair of gloves (worn)
 i - a +0 leather armour (worn)
Jewellery
 l - a +3 amulet of reflection
 s - an amulet of magic regeneration (around neck)
Wands
 p - a wand of lightning (0/15)
Scrolls
 d - a scroll of amnesia {unknown}
 h - a scroll of immolation {unknown}
 j - a scroll of identify
 q - a scroll of noise {unknown}
 r - a scroll of recharging {unknown}
Potions
 f - a potion of haste {unknown}
 g - 4 potions of curing {unknown}
 k - a potion of heal wounds {unknown}
 o - a potion of berserk rage {unknown}
 t - a potion of flight {unknown}
 v - a potion of might {unknown}
Books
 b - a book of Necromancy

   Spells                             Type                      Level
   a - Pain                           Necromancy                   1
   b - Animate Skeleton               Necromancy                   1
   c - Vampiric Draining              Necromancy                   3
   d - Regeneration                   Charms/Necromancy            3
   e - Animate Dead                   Necromancy                   4
   f - Control Undead                 Necromancy                   4
Comestibles
 c - 3 bread rations
 n - a meat ration


   Skills:
 + Level 1.0 Fighting
 - Level 2.1 Dodging
 - Level 2.4 Stealth
 + Level 2.5 Spellcasting
 + Level 6.3 Necromancy
 + Level 0.0 Evocations


You had 5 spell levels left.
You knew the following spells:

 Your Spells              Type           Power        Failure   Level  Hunger
a - Pain                  Necr           ###.         1%          1    #......
v - Vampiric Draining     Necr           ###.......   5%          3    ###....


Dungeon Overview and Level Annotations

Branches:
Dungeon (5/15)
 Temple: D:4-7

Altars:
Sif Muna
Vehumet
Xom
Yredelemnul

Annotations:
D:4 Folque's ghost, amateur OpWz


Innate Abilities, Weirdness & Mutations

You are resistant to damage.
You can heal yourself by infusing magical energy.
You passively map a small area around you.
You do not regenerate.


Message History

You hit the killer bee zombie but do no damage.
The killer bee zombie is heavily damaged.
The killer bee zombie barely misses you.
The killer bee zombie misses you.
The phantom blinks!
You closely miss the killer bee zombie.
The killer bee zombie is heavily damaged.
The killer bee zombie closely misses you.
The killer bee zombie hits you.
You barely miss the killer bee zombie.
The killer bee zombie is heavily damaged.
The killer bee zombie hits you! The phantom barely misses you.
The killer bee zombie hits you.
* * * LOW HITPOINT WARNING * * *
Found a deep blue altar of Sif Muna.
The killer bee zombie hits you.
* * * LOW HITPOINT WARNING * * *
The killer bee zombie hits you.
Put on which piece of jewellery? (? for menu, Esc to quit)
Okay, then.
Are you sure you want to abandon this character and quit the game? (Confirm with "yes".)

, #..* * , #.#* * ,
###.# * #####*
##...### #....
##....$.## ......
#....<...# , ......*
##........#*
*._8_..###..........#
* .....?...@.........#
,
.........W..........#
.........Z<.>.......#
#######..............#
#...[...........# *
#............ *
#............. , ,
#............. , *
#.............


You could see a phantom and a killer bee zombie.

Vanquished Creatures
  A scorpion (D:4)
  An iguana (D:4)
  A hound skeleton (D:4)
  4 adders
  2 dart slugs
  A leopard gecko (D:1)
  3 orcs
  A ball python (D:3)
  2 bats
  3 goblins
  A hobgoblin (D:1)
  A kobold (D:2)
  A quokka (D:3)
  3 frilled lizards
  A rat (D:3)
26 creatures vanquished.

Notes
Turn   | Place    | Note
-------+----------+-------------------------------------------
     0 | D:1      | letownia2 the Deep Dwarf Necromancer began the quest for the Orb.
     0 | D:1      | Reached XP level 1. HP: 15/15 MP: 3/3
   291 | D:2      | Reached XP level 2. HP: 19/22 MP: 0/5
   454 | D:3      | Reached skill level 5 in Necromancy
   526 | D:3      | Reached XP level 3. HP: 24/28 MP: 2/6
   588 | D:3      | Learned a level 3 spell: Vampiric Draining
   625 | D:3      | Found a radiant altar of Vehumet.
   637 | D:3      | Found a basalt altar of Yredelemnul.
  1028 | D:4      | Reached skill level 6 in Necromancy
  1028 | D:4      | Reached XP level 4. HP: 31/36 MP: 1/7
  1092 | D:4      | Reached skill level 1 in Fighting
  1107 | D:4      | Noticed Folque's ghost (amateur OpWz)
  1376 | D:4      | Reached XP level 5. HP: 27/44 MP: 8/8
  1613 | D:5      | Entered Level 5 of the Dungeon
  1613 | D:5      | Noticed a phantom
  1732 | D:5      | Noticed an ogre
  1732 | D:5      | Noticed a centaur
  1756 | D:5      | Found a shimmering altar of Xom.
  1769 | D:5      | Found a deep blue altar of Sif Muna.
  1773 | D:5      | Quit the game

Skill      XL: |  1  2  3  4 |
---------------+-------------+-----
Spellcasting   | 2 |  2.5
Necromancy     | 5 6 |  6.3
Fighting       | 1 |  1.0
Dodging        | |  2.1
Stealth        | |  2.4

Action                   |  1- 3 |  4- 6 || total
-------------------------+-------+-------++-------
Melee: Unarmed           |     5 |       ||     5
       Dagger            |       |    23 ||    23
 Cast: Pain              |    44 |    10 ||    54
       Vampiric Draining |     4 |     3 ||     7
Evoke: Wand              |       |     4 ||     4
  Use: Scroll            |       |     1 ||     1
  Eat: Chunk             |     1 |     3 ||     4
Armor: Robe              |     6 |       ||     6
       Leather armour    |       |     4 ||     4
Dodge: Dodged            |    25 |    21 ||    46
Block: Other             |     1 |       ||     1
